[ PARTIDA AOE2 · #494494448 ]
UnrankedTártaros vs Mongols
Equipo del jugador · DERR
Equipo rival · VICT
[ ANÁLISIS DE REPETICIÓN · EXTRAÍDO DE LA PARTIDA GRABADA ]
Feudal
8:51
Castillos
21:01
Imperial
—
| APM promedio | 68.4 |
| APM pico | 116 |
| eAPM promedio | 27.7 |
| Aldeanos / militares | 87 / 101 |
Foco
⚔️ 50.0% · 🌾 50.0%
Cavalry Archer ×80 · Mangonel ×12 · Spearman ×4 · Battering Ram ×3 · Scout Cavalry ×2
Feudal
8:01
Castillos
18:36
Imperial
—
| APM promedio | 51.4 |
| APM pico | 87 |
| eAPM promedio | 20.7 |
| Aldeanos / militares | 113 / 84 |
Foco
⚔️ 30.8% · 🌾 69.2%
Cavalry Archer ×53 · Skirmisher ×22 · Scout Cavalry ×5 · Mangudai ×3 · Spearman ×1
Mapa de la partida
Recursos iniciales + cada clic de construcción. Líneas = muros · curvas = relieve. ◆ oro · ⬟ piedra · ● bayas · ✦ reliquia · ◌ hueco del cierre
Tu base· ✓ Cerrada en 21:01 · 60t muro · 2 puerta(s)
Base de Frank· Abierta — el rival se encerró
Terreno inicial suavizado · ◌ = hueco del cierre detectado · pasá el cursor para detalles
Inputs por minuto
— DS_Uruguayo - - Frank
Build order — DS_Uruguayo
Primeras 150 de 285 acciones detectadas
| 0:00 | Crear | Villager (Male) |
| 0:01 | Crear | Villager (Male) |
| 0:02 | Construir | House |
| 0:02 | Construir | House |
| 0:21 | Crear | Villager (Male) |
| 0:21 | Crear | Villager (Male) |
| 1:30 | Crear | Villager (Male) |
| 1:30 | Crear | Villager (Male) |
| 1:32 | Construir | Lumber Camp |
| 1:56 | Crear | Villager (Male) |
| 1:56 | Crear | Villager (Male) |
| 2:30 | Crear | Villager (Male) |
| 2:51 | Crear | Villager (Male) |
| 2:51 | Crear | Villager (Male) |
| 3:05 | Crear | Villager (Male) |
| 3:05 | Crear | Villager (Male) |
| 3:22 | Crear | Villager (Male) |
| 3:22 | Crear | Villager (Male) |
| 3:48 | Construir | House |
| 4:08 | Crear | Villager (Male) |
| 4:09 | Crear | Villager (Male) |
| 4:09 | Crear | Villager (Male) |
| 4:29 | Construir | Mill |
| 4:33 | Crear | Villager (Male) |
| 4:39 | Crear | Villager (Male) |
| 5:48 | Investigar | Loom |
| 6:40 | Investigar | Feudal Age |
| 6:40 | Investigar | Feudal Age |
| 7:20 | Construir | Palisade Wall |
| 7:23 | Construir | Palisade Wall |
| 7:30 | Crear | Villager (Male) |
| 7:55 | Construir | Barracks |
| 7:56 | Construir | House |
| 8:00 | Crear | Villager (Male) |
| 8:51 | Edad | Edad Feudal |
| 8:52 | Construir | Stable |
| 9:19 | Crear | Villager (Male) |
| 9:24 | Investigar | Double-Bit Axe |
| 9:24 | Investigar | Double-Bit Axe |
| 9:29 | Investigar | Horse Collar |
| 9:29 | Investigar | Horse Collar |
| 9:31 | Construir | House |
| 9:37 | Crear | Scout Cavalry |
| 9:56 | Construir | Farm |
| 10:02 | Construir | Palisade Wall |
| 10:03 | Construir | Palisade Wall |
| 10:09 | Crear | Villager (Male) |
| 10:13 | Construir | Palisade Wall |
| 10:24 | Crear | Spearman |
| 10:30 | Construir | Palisade Wall |
| 10:31 | Construir | Palisade Wall |
| 10:37 | Construir | Palisade Wall |
| 10:43 | Crear | Villager (Male) |
| 10:45 | Construir | Farm |
| 11:02 | Construir | House |
| 11:03 | Construir | Palisade Wall |
| 11:04 | Construir | Palisade Wall |
| 11:06 | Crear | Villager (Male) |
| 11:09 | Construir | Farm |
| 11:12 | Crear | Villager (Male) |
| 11:26 | Construir | Farm |
| 11:28 | Construir | Farm |
| 11:35 | Crear | Villager (Male) |
| 11:40 | Crear | Spearman |
| 11:40 | Crear | Spearman |
| 11:47 | Construir | House |
| 11:50 | Construir | House |
| 11:55 | Construir | Farm |
| 12:08 | Crear | Villager (Male) |
| 12:19 | Construir | Farm |
| 12:21 | Construir | Farm |
| 12:23 | Construir | Farm |
| 12:25 | Crear | Villager (Male) |
| 12:25 | Crear | Villager (Male) |
| 12:35 | Construir | Palisade Wall |
| 12:45 | Construir | Farm |
| 12:52 | Construir | House |
| 12:56 | Crear | Villager (Male) |
| 13:08 | Crear | Villager (Male) |
| 13:11 | Construir | Farm |
| 13:13 | Construir | Farm |
| 13:25 | Construir | Palisade Wall |
| 13:26 | Construir | Palisade Wall |
| 13:37 | Crear | Villager (Male) |
| 13:38 | Crear | Scout Cavalry |
| 13:42 | Crear | Spearman |
| 13:49 | Construir | Farm |
| 14:03 | Construir | Farm |
| 14:07 | Crear | Villager (Male) |
| 14:08 | Construir | Farm |
| 14:15 | Construir | Palisade Gate |
| 14:18 | Construir | Palisade Gate |
| 14:19 | Construir | Palisade Wall |
| 14:31 | Construir | Palisade Gate |
| 14:38 | Construir | Palisade Wall |
| 14:40 | Construir | Palisade Wall |
| 14:55 | Crear | Villager (Male) |
| 15:20 | Crear | Villager (Male) |
| 15:31 | Construir | Palisade Wall |
| 15:33 | Construir | House |
| 15:49 | Crear | Villager (Male) |
| 15:55 | Construir | Mining Camp |
| 15:55 | Crear | Villager (Male) |
| 16:34 | Construir | Palisade Wall |
| 16:37 | Crear | Villager (Male) |
| 16:53 | Construir | Blacksmith |
| 17:05 | Crear | Villager (Male) |
| 17:14 | Construir | House |
| 17:26 | Crear | Villager (Male) |
| 17:50 | Investigar | Gold Mining |
| 18:01 | Construir | Lumber Camp |
| 18:05 | Crear | Villager (Male) |
| 18:21 | Investigar | Castle Age |
| 18:21 | Investigar | Castle Age |
| 18:37 | Construir | Archery Range |
| 18:41 | Construir | Archery Range |
| 18:57 | Investigar | Fletching |
| 19:24 | Construir | Archery Range |
| 20:05 | Crear | Villager (Male) |
| 20:27 | Construir | House |
| 20:29 | Construir | House |
| 20:31 | Construir | House |
| 20:48 | Crear | Villager (Male) |
| 21:01 | Edad | Edad de los Castillos |
| 21:03 | Construir | University |
| 21:04 | Crear | Cavalry Archer |
| 21:04 | Crear | Cavalry Archer |
| 21:04 | Crear | Cavalry Archer |
| 21:05 | Investigar | Bodkin Arrow |
| 21:06 | Investigar | Husbandry |
| 21:13 | Investigar | Bloodlines |
| 21:14 | Crear | Cavalry Archer |
| 21:14 | Crear | Cavalry Archer |
| 21:15 | Crear | Cavalry Archer |
| 21:31 | Crear | Cavalry Archer |
| 21:31 | Crear | Cavalry Archer |
| 21:32 | Crear | Cavalry Archer |
| 21:41 | Crear | Cavalry Archer |
| 21:41 | Crear | Cavalry Archer |
| 21:48 | Investigar | Padded Archer Armor |
| 22:04 | Crear | Cavalry Archer |
| 22:04 | Crear | Cavalry Archer |
| 22:04 | Crear | Cavalry Archer |
| 22:09 | Crear | Cavalry Archer |
| 22:10 | Crear | Cavalry Archer |
| 22:10 | Crear | Villager (Male) |
| 22:10 | Crear | Villager (Male) |
| 22:10 | Crear | Villager (Male) |
| 22:34 | Crear | Cavalry Archer |
| 22:35 | Crear | Cavalry Archer |
Build order — Frank
Primeras 150 de 279 acciones detectadas
| 0:00 | Crear | Villager (Male) ×4 |
| 0:01 | Construir | House |
| 0:02 | Construir | House |
| 1:26 | Construir | Mill |
| 1:30 | Crear | Villager (Male) |
| 2:01 | Crear | Villager (Male) |
| 2:28 | Crear | Villager (Male) |
| 2:53 | Crear | Villager (Male) |
| 3:03 | Construir | House |
| 3:11 | Crear | Villager (Male) |
| 3:11 | Crear | Villager (Male) |
| 3:43 | Crear | Villager (Male) |
| 3:43 | Crear | Villager (Male) |
| 4:14 | Crear | Villager (Male) |
| 4:47 | Crear | Villager (Male) |
| 5:21 | Construir | Lumber Camp |
| 5:50 | Investigar | Feudal Age |
| 7:04 | Construir | Barracks |
| 7:29 | Construir | House |
| 7:38 | Crear | Villager (Male) |
| 8:01 | Edad | Edad Feudal |
| 8:03 | Construir | Stable |
| 8:17 | Crear | Villager (Male) |
| 8:30 | Investigar | Double-Bit Axe |
| 8:34 | Construir | House |
| 8:42 | Crear | Villager (Male) |
| 8:45 | Crear | Scout Cavalry |
| 8:45 | Crear | Scout Cavalry |
| 9:16 | Crear | Villager (Male) |
| 9:19 | Construir | Mill |
| 9:21 | Construir | House |
| 9:24 | Crear | Scout Cavalry |
| 9:29 | Crear | Villager (Male) |
| 9:46 | Crear | Scout Cavalry |
| 9:49 | Construir | House |
| 9:50 | Investigar | Loom |
| 9:55 | Construir | Farm |
| 9:56 | Construir | Farm |
| 10:20 | Crear | Scout Cavalry |
| 10:23 | Crear | Villager (Male) |
| 10:24 | Construir | Farm |
| 10:31 | Construir | House |
| 10:44 | Crear | Villager (Male) |
| 10:45 | Construir | Farm |
| 10:51 | Construir | Palisade Wall |
| 10:51 | Construir | Palisade Wall |
| 10:56 | Construir | House |
| 10:58 | Construir | Palisade Wall |
| 10:58 | Construir | Palisade Wall |
| 11:08 | Construir | Farm |
| 11:11 | Crear | Villager (Male) |
| 11:27 | Construir | Farm |
| 11:34 | Crear | Villager (Male) |
| 11:37 | Construir | House |
| 11:41 | Construir | Farm |
| 11:53 | Crear | Spearman |
| 11:56 | Construir | House |
| 11:59 | Construir | Palisade Wall |
| 12:00 | Construir | Palisade Wall |
| 12:02 | Construir | Palisade Wall |
| 12:09 | Construir | House |
| 12:10 | Crear | Villager (Male) |
| 12:24 | Construir | Farm |
| 12:28 | Crear | Villager (Male) |
| 12:35 | Construir | Palisade Wall |
| 12:45 | Construir | Mining Camp |
| 12:54 | Construir | Farm |
| 12:57 | Crear | Villager (Male) |
| 13:07 | Construir | Farm |
| 13:19 | Crear | Villager (Male) |
| 13:50 | Crear | Villager (Male) |
| 13:52 | Construir | Blacksmith |
| 14:11 | Crear | Villager (Male) |
| 14:36 | Crear | Villager (Male) |
| 15:03 | Crear | Villager (Male) |
| 15:23 | Construir | Lumber Camp |
| 15:27 | Crear | Villager (Male) |
| 15:54 | Investigar | Castle Age |
| 15:57 | Construir | Archery Range |
| 16:00 | Construir | Palisade Wall |
| 16:03 | Construir | Archery Range |
| 16:16 | Construir | Palisade Gate |
| 16:25 | Investigar | Horse Collar |
| 16:42 | Investigar | Gold Mining |
| 16:56 | Construir | Archery Range |
| 17:01 | Construir | House |
| 17:24 | Investigar | Fletching |
| 17:54 | Crear | Villager (Male) |
| 17:59 | Construir | Farm |
| 18:23 | Construir | Farm |
| 18:36 | Edad | Edad de los Castillos |
| 18:37 | Crear | Cavalry Archer |
| 18:37 | Crear | Cavalry Archer |
| 18:37 | Crear | Cavalry Archer |
| 18:38 | Investigar | Bodkin Arrow |
| 18:41 | Investigar | Bodkin Arrow |
| 18:43 | Crear | Cavalry Archer |
| 18:43 | Crear | Cavalry Archer |
| 18:44 | Crear | Cavalry Archer |
| 18:50 | Crear | Villager (Male) |
| 19:14 | Construir | Town Center |
| 19:16 | Crear | Villager (Male) |
| 19:19 | Crear | Cavalry Archer |
| 19:20 | Crear | Cavalry Archer |
| 19:20 | Crear | Cavalry Archer |
| 19:50 | Construir | House |
| 19:52 | Construir | House |
| 19:52 | Crear | Villager (Male) |
| 20:07 | Crear | Cavalry Archer |
| 20:07 | Crear | Cavalry Archer |
| 20:12 | Crear | Villager (Male) |
| 20:20 | Crear | Cavalry Archer |
| 20:22 | Crear | Villager (Male) |
| 20:28 | Construir | Palisade Wall |
| 20:33 | Crear | Villager (Male) |
| 20:46 | Crear | Cavalry Archer |
| 20:46 | Crear | Cavalry Archer |
| 20:48 | Crear | Villager (Male) |
| 20:49 | Construir | Farm |
| 20:49 | Construir | Farm |
| 20:50 | Construir | Farm |
| 20:50 | Construir | Farm |
| 20:53 | Construir | Farm |
| 21:04 | Crear | Villager (Male) |
| 21:04 | Crear | Villager (Male) |
| 21:13 | Crear | Cavalry Archer |
| 21:22 | Crear | Villager (Male) |
| 21:24 | Construir | Farm |
| 21:28 | Crear | Cavalry Archer |
| 21:33 | Crear | Villager (Male) |
| 21:33 | Crear | Villager (Male) |
| 21:40 | Construir | Farm |
| 21:40 | Construir | Farm |
| 21:48 | Construir | House |
| 21:49 | Construir | House |
| 21:53 | Crear | Villager (Male) |
| 21:58 | Crear | Villager (Male) |
| 22:00 | Construir | Farm |
| 22:03 | Construir | Farm |
| 22:13 | Crear | Cavalry Archer ×3 |
| 22:18 | Crear | Villager (Male) |
| 22:19 | Crear | Villager (Male) |
| 22:43 | Crear | Villager (Male) |
| 22:44 | Crear | Villager (Male) |
| 22:45 | Crear | Cavalry Archer |
| 22:46 | Crear | Cavalry Archer |
| 22:46 | Crear | Cavalry Archer |
| 23:00 | Construir | House |
| 23:03 | Investigar | Husbandry |
| 23:08 | Crear | Cavalry Archer |
Cronología de la partida
| 7:04 | Frank · first_building Barracks |
| 7:20 | DS_Uruguayo · wall_segment Palisade Wall x1 |
| 7:23 | DS_Uruguayo · wall_segment Palisade Wall x1 |
| 7:55 | DS_Uruguayo · first_building Barracks |
| 8:01 | Frank · age_up feudal |
| 8:03 | Frank · first_building Stable |
| 8:51 | DS_Uruguayo · age_up feudal |
| 8:52 | DS_Uruguayo · first_building Stable |
| 10:02 | DS_Uruguayo · wall_segment Palisade Wall x5 |
| 10:03 | DS_Uruguayo · wall_segment Palisade Wall x5 |
| 10:13 | DS_Uruguayo · wall_segment Palisade Wall x6 |
| 10:30 | DS_Uruguayo · wall_segment Palisade Wall x1 |
| 10:31 | DS_Uruguayo · wall_segment Palisade Wall x1 |
| 10:37 | DS_Uruguayo · wall_segment Palisade Wall x4 |
| 10:51 | Frank · wall_segment Palisade Wall x5 |
| 10:51 | Frank · wall_segment Palisade Wall x1 |
| 10:58 | Frank · wall_segment Palisade Wall x1 |
| 10:58 | Frank · wall_segment Palisade Wall x1 |
| 11:03 | DS_Uruguayo · wall_segment Palisade Wall x5 |
| 11:04 | DS_Uruguayo · wall_segment Palisade Wall x5 |
| 11:59 | Frank · wall_segment Palisade Wall x1 |
| 12:00 | Frank · wall_segment Palisade Wall x1 |
| 12:02 | Frank · wall_segment Palisade Wall x1 |
| 12:35 | DS_Uruguayo · wall_segment Palisade Wall x7 |
| 12:35 | Frank · wall_segment Palisade Wall x1 |
| 13:25 | DS_Uruguayo · wall_segment Palisade Wall x4 |
| 13:26 | DS_Uruguayo · wall_segment Palisade Wall x6 |
| 14:19 | DS_Uruguayo · wall_segment Palisade Wall x1 |
| 14:38 | DS_Uruguayo · wall_segment Palisade Wall x3 |
| 14:40 | DS_Uruguayo · wall_segment Palisade Wall x2 |
| 15:31 | DS_Uruguayo · wall_segment Palisade Wall x2 |
| 15:57 | Frank · first_building Archery Range |
| 16:00 | Frank · wall_segment Palisade Wall x1 |
| 16:34 | DS_Uruguayo · wall_segment Palisade Wall x5 |
| 18:36 | Frank · age_up castle |
| 18:37 | DS_Uruguayo · first_building Archery Range |
| 20:28 | Frank · wall_segment Palisade Wall x1 |
| 21:01 | DS_Uruguayo · age_up castle |
| 22:44 | DS_Uruguayo · wall_segment Palisade Wall x1 |
| 22:49 | DS_Uruguayo · wall_segment Palisade Wall x1 |
| 27:21 | DS_Uruguayo · first_building Siege Workshop |
| 31:37 | Frank · first_building Castle |
| 33:25 | Frank · first_building Monastery |
| 34:09 | DS_Uruguayo · resign |
[ ANÁLISIS IA · 1 CRÉDITO ]
¿Qué pasó realmente en esta partida?
Wolo.gg analiza cada decisión: build order, eco, micro, errores típicos por bracket. Análisis personalizado por WhatsApp o Discord en 30 segundos.
Guía civ
Tártaros
Perfil
Jugador #24973127